 Dungeon Crawl Stone Soup version 0.19.1-1-g22dce08 (webtiles) character file.

1765 Jynx the Carver (level 9, -1/55 HPs)
             Began as a Tengu Fighter on Jan 7, 2017.
             Was a Believer of Okawaru.
             Succumbed to an orc warrior's poison
             ... on level 6 of the Dungeon.
             The game lasted 00:13:26 (5361 turns).

Jynx the Carver (Tengu Fighter)                     Turns: 5361, Time: 00:13:26

Health: -1/55      AC: 13    Str: 20    XL:     9   Next: 7%
Magic:  10/10      EV:  6    Int:  9    God:    Okawaru [**....]
Gold:   425        SH: 10    Dex: 13    Spells: 0 memorised, 8 levels left

rFire  . . .     SeeInvis .     s - +1 long sword (freeze)
rCold  + . .     Gourm    .     p - +1 chain mail
rNeg   . . .     Faith    .     c - +0 shield
rPois  .         Spirit   .     (helmet restricted)
rElec  .         Reflect  .     (no cloak)
rCorr  .         Harm     .     (no gloves)
MR     .....                    (boots unavailable)
Stlth  ..........               (no amulet)
                                (no ring)
                                u - ring of flight

@: lethally poisoned (-1 -> -42)
A: beak, talons 3, yellow scales 1, cold resistance 1, able to fly 1
a: Fly, Heroism, Renounce Religion, Evoke Flight


You were on level 6 of the Dungeon.
You worshipped Okawaru.
Okawaru was pleased with you.
You were not hungry.

You visited 1 branch of the dungeon, and saw 6 of its levels.

You collected 425 gold pieces.

Inventory:

Hand Weapons
 a - a +2 long sword
 s - a +1 long sword of freezing (weapon)
Armour
 c - a +0 shield (worn)
 p - a +1 chain mail (worn)
Jewellery
 u - a ring of flight (left hand)
Wands
 j - a wand of acid (9/15)
Scrolls
 b - 2 scrolls of enchant weapon
 g - 3 scrolls of recharging
 h - 4 scrolls of remove curse
 i - 2 scrolls of enchant armour
 n - 2 scrolls of teleportation
 r - a scroll of fog
Potions
 d - 2 potions of might
 e - 3 potions of flight
 k - a potion of brilliance
 q - a potion of degeneration {unknown}
 v - a potion of ambrosia {unknown}
Comestibles
 f - 4 bread rations
 l - a meat ration
 o - 2 beef jerkies
 t - 3 chunks of flesh


   Skills:
 + Level 5.9 Fighting
 * Level 8.1 Long Blades
 + Level 6.7 Armour
 + Level 5.7 Shields


You had 8 spell levels left.
You didn't know any spells.

Dungeon Overview and Level Annotations

Branches:
Dungeon (6/15)
 Temple: D:4-7

Altars:
Makhleb
Okawaru
Trog

Annotations:
D:3 Grinder


Innate Abilities, Weirdness & Mutations

You have a beak for a mouth.
You have claws for feet.
You can fly.
You are partially covered in yellow scales. (AC +2)
Your flesh is cold resistant. (rC+)


Message History

You feel much better.
You feel very sick.
You closely miss the orc warrior. Your kick misses the orc warrior.
You peck the orc warrior, but do no damage.
You feel very sick.
The orc warrior hits you but does no damage.
You are more poisoned.
You hit the orc warrior. You freeze the orc warrior.
The orc warrior is lightly wounded.
* * * LOW HITPOINT WARNING * * *
You feel very sick.
The orc warrior hits you but does no damage.
You are more poisoned.
* * * LOW HITPOINT WARNING * * *
You feel very sick.
The orc warrior hits you from afar with a trident of venom!
* * * LOW HITPOINT WARNING * * *
* * * LOW HITPOINT WARNING * * *
You feel very sick.
You die...

#.#### #.. ..# #.. .# # #.#
# #.. .# .# #.#####.# #..
#.#.> #.......# #..#
###..... ##.....##
#..####...# #### #.......#
#....o†..# 8|?8# .>......#
#...###..#8....8 #.......#
#..@# #..'...... ##.....##
#...###..'....(. #.....####
#........#8....8
#.##.....#####..###..##8!)8#
#.##.###........#.....######
#.##.# #..........###'#
#.##.###.####....## .#
##.##.....# #..#.# ##
...####.### #....#


There were no monsters in sight!

Vanquished Creatures
  Pikel (D:5)
  An ice beast (D:6)
  A phantom (D:5)
  A sky beast (D:5)
  A centaur (D:6)
  An ogre (D:4)
  A bullfrog (D:6)
  A scorpion (D:5)
  3 howler monkeys
  A crimson imp (D:5)
  A quasit (D:6)
  An orc priest (D:5)
  2 bullfrog skeletons
  Natasha (thrice) (D:3)
  An iguana (D:4)
  3 orc wizards
  4 worker ants
  A hound skeleton (D:5)
  Robin (D:4)
  6 adders
  3 gnolls (D:4)
  A howler monkey skeleton (D:6)
  An ooze (D:3)
  An adder skeleton (D:6)
  2 dart slugs (D:1)
  2 leopard geckos
  13 orcs
  7 bats
  16 giant cockroaches
  16 goblins
  7 hobgoblins
  4 jackals (D:3)
  4 quokkas
  3 frilled lizards
  8 kobolds
  A leopard gecko skeleton (D:5)
  A quokka skeleton (D:6)
  6 rats
131 creatures vanquished.

Vanquished Creatures (others)
  A slave (D:5)
1 creature vanquished.

Grand Total: 132 creatures vanquished

Notes
Turn   | Place    | Note
-------+----------+-------------------------------------------
     0 | D:1      | Jynx the Tengu Fighter began the quest for the Orb.
     0 | D:1      | Reached XP level 1. HP: 14/14 MP: 2/2
   198 | D:1      | Reached XP level 2. HP: 14/19 MP: 3/3
   547 | D:1      | Reached XP level 3. HP: 14/23 MP: 4/4
   971 | D:2      | Reached skill level 3 in Long Blades
   979 | D:2      | Gained mutation: You are partially covered in yellow scales. (AC +2) [potion of mutation]
   979 | D:2      | Gained mutation: Your flesh is cold resistant. (rC+) [potion of mutation]
  1229 | D:2      | Reached XP level 4. HP: 20/28 MP: 5/5
  1737 | D:2      | Found a bloodstained altar of Trog.
  1839 | D:3      | Noticed Natasha
  1847 | D:3      | Killed Natasha
  1854 | D:3      | Gained mutation: You can fly. [Tengu growth]
  1854 | D:3      | Reached XP level 5. HP: 32/32 MP: 6/6
  1860 | D:3      | Noticed Natasha
  1864 | D:3      | Killed Natasha
  1979 | D:3      | Found a faded altar of an unknown god.
  2103 | D:3      | Noticed Natasha
  2108 | D:3      | Killed Natasha
  2252 | D:3      | Noticed Grinder
  2254 | D:3      | Found a burning altar of Makhleb.
  2578 | D:3      | Reached skill level 4 in Long Blades
  2714 | D:4      | Noticed an ogre
  2723 | D:4      | Killed an ogre
  2723 | D:4      | Reached XP level 6. HP: 14/38 MP: 7/7
  2960 | D:4      | Noticed Robin
  2974 | D:4      | Killed Robin
  3558 | D:4      | Reached skill level 5 in Long Blades
  3685 | D:4      | Reached XP level 7. HP: 42/43 MP: 8/8
  3741 | D:4      | Found an iron altar of Okawaru.
  3744 | D:4      | Became a worshipper of Warmaster Okawaru
  3824 | D:5      | Entered Level 5 of the Dungeon
  3906 | D:5      | Reached skill level 5 in Armour
  4347 | D:5      | Reached skill level 6 in Long Blades
  4576 | D:5      | Noticed Pikel
  4600 | D:5      | Killed Pikel
  4600 | D:5      | Reached * piety under Okawaru
  4600 | D:5      | Reached skill level 5 in Fighting
  4600 | D:5      | Reached skill level 7 in Long Blades
  4600 | D:5      | Reached skill level 5 in Shields
  4600 | D:5      | Reached XP level 8. HP: 36/49 MP: 9/9
  4962 | D:6      | Reached ** piety under Okawaru
  5158 | D:6      | Reached XP level 9. HP: 30/55 MP: 10/10
  5325 | D:6      | Found a large runed door.
  5325 | D:6      | Found a large runed door.
  5350 | D:6      | Reached skill level 8 in Long Blades
  5360 | D:6      | HP: 2/55 [poisoned by an orc warrior]
  5361 | D:6      | Succumbed to an orc warrior's poison

Skill      XL: |  1  2  3  4  5  6  7  8  9 |
---------------+----------------------------+-----
Long Blades    | 3 4 5 7 8 |  8.1
Armour         | 4 6 |  6.7
Fighting       | 4 5 |  5.9
Shields        | 4 5 |  5.7

Action                   |  1- 3 |  4- 6 |  7- 9 || total
-------------------------+-------+-------+-------++-------
Melee: Long sword        |   104 |   172 |   178 ||   454
       Peck              |    17 |    22 |    36 ||    75
       Kick              |    23 |    49 |    57 ||   129
  Use: Scroll            |     5 |     8 |     3 ||    16
       Potion            |     2 |     2 |     2 ||     6
 Stab: Invisible         |     1 |       |       ||     1
  Eat: Chunk             |       |     8 |     4 ||    12
       Pizza             |       |       |     1 ||     1
       Beef jerky        |       |       |     1 ||     1
Armor: Scale mail        |    55 |    13 |       ||    68
       Chain mail        |       |    96 |    92 ||   188
Dodge: Dodged            |    22 |    40 |    37 ||    99
Block: Shield            |    44 |    90 |    85 ||   219
       Rpst.: Long sword |     8 |     6 |     7 ||    21
